 Dungeon Crawl Stone Soup version 0.29-a0-643-ga013cefcf8 (webtiles) character file.

Game seed: 10367891179078386028

17691 mandarbmax the Tainter (level 12, -4/93 HPs)
             Began as a Demonspawn Venom Mage on June 19, 2022.
             Was a Priest of Kikubaaqudgha.
             Slain by a warg (12 damage)
             ... on level 2 of the Orcish Mines.
             The game lasted 00:44:58 (13131 turns).

mandarbmax the Tainter (Demonspawn Venom Mage)     Turns: 13131, Time: 00:44:59

Health: -4/93      AC: 15    Str:  9    XL:     12   Next: 21%
Magic:  0/25       EV: 14    Int: 27    God:    Kikubaaqudgha [***...]
Gold:   1280       SH: 12    Dex: 14    Spells: 13/29 levels left

rFire   . . .      SeeInvis +   D - +3 short sword (elec)
rCold   + . .      Faith    .   V - +3 warlock's mirror {reflect}
rNeg    . . .      Spirit   +   L - +2 robe {rC+}
rPois   .          Reflect  +   k - +2 helmet {SInv}
rElec   .          Harm     .   d - +0 cloak
rCorr   .          Rampage  .   K - +1 pair of gloves
Will    .....                   n - +0 pair of boots
Stlth   ++........              r - amulet of regeneration
HPRegen 1.05/turn               e - +6 ring of intelligence
MPRegen 0.38/turn               z - +4 ring of protection

@: no status effects
A: large bone plates 1, demonic guardian 3, magic shield, magic regeneration,
weakness stinger 2
a: Renounce Religion, Unearth Wretches


You were on level 2 of the Orcish Mines.
You worshipped Kikubaaqudgha.
Kikubaaqudgha was most pleased with you.
You visited 3 branches of the dungeon, and saw 14 of its levels.
You also visited: Ossuary and Bailey.

You collected 1280 gold pieces.

Inventory:

Hand Weapons
 D - a +3 short sword of electrocution (weapon)
Armour
 a - a +0 robe
 d - a +0 cloak (worn)
 k - a +2 helmet of see invisible (worn)
 n - a +0 pair of boots (worn)
 C - a +0 ring mail of fire resistance
 J - a +3 chain mail of willpower
 K - a +1 pair of gloves (worn)
 L - a +2 robe of cold resistance (worn)
 V - the +3 warlock's mirror (worn) {reflect}
   (You acquired it on level 10 of the Dungeon)

   It can block and reflect piercing ranged attacks and magical attacks against
   the wielder's willpower.
Magical Staves
 q - a staff of earth
Jewellery
 c - a ring of wizardry
 e - a +6 ring of intelligence (left hand)
 l - a ring of protection from fire
 r - an amulet of regeneration (around neck)
 w - a ring of positive energy
 z - a +4 ring of protection (right hand)
 A - a +6 ring of strength
 N - the ring "Fugiqeq" {rPois rCorr MP+9 Str-4 Dex+5}
   (You found it on level 11 of the Dungeon)

   [ring of resist corrosion]

   Str:       It affects your strength (-4).
   Dex:       It affects your dexterity (+5).
   rPois:     It protects you from poison.
   MP:        It affects your magic capacity (+9).
   rCorr:     It protects you from acid and corrosion.
 X - a ring of ice
Wands
 p - a wand of polymorph (11)
 t - a wand of mindburst (26)
 G - a wand of digging (7)
 I - a wand of paralysis (3)
 T - a wand of iceblast (12)
Scrolls
 f - 2 scrolls of amnesia
 u - a scroll of silence {unknown}
 v - 6 scrolls of immolation
 x - 4 scrolls of teleportation
 y - 4 scrolls of poison
 E - a scroll of vulnerability
 H - 3 scrolls of blinking
 O - a scroll of fear
 R - a scroll of noise {unknown}
 U - a scroll of fog
 Z - 2 scrolls of magic mapping
Potions
 b - 2 potions of magic
 g - 2 potions of haste {unknown}
 i - 6 potions of flight
 j - 7 potions of mutation {unknown}
 o - 2 potions of curing {unknown}
 s - 3 potions of berserk rage
 B - a potion of heal wounds
 F - a potion of brilliance {unknown}
 M - 3 potions of attraction
 P - a potion of invisibility
 Q - a potion of lignification {unknown}
 S - a potion of cancellation
 W - 2 potions of might {unknown}


   Skills:
 + Level 8.3 Fighting
 - Level 6.0 Dodging
 - Level 3.0 Stealth
 + Level 6.3 Shields
 - Level 9.0 Spellcasting
 - Level 7.0 Necromancy
 - Level 2.0 Transmutations
 - Level 10.0 Poison Magic
 - Level 5.0 Evocations


You had 13 spell levels left.
You knew the following spells:

 Your Spells              Type           Power      Damage    Failure   Level
a - Poisonous Vapours     Pois/Air       78%        N/A       1%          2
b - Spider Form           Tmut/Pois      44%        N/A       1%          3
c - Olgreb's Toxic Radia  Pois           60%        N/A       1%          4
d - Mephitic Cloud        Conj/Pois/Air  30%        N/A       4%          3
e - Animate Dead          Necr           49%        N/A       3%          4

Your spell library contained the following spells:

 Spells                   Type           Power      Damage    Failure   Level
 Necrotize                Necr           100%       1d9       1%          1
 Sting                    Tmut/Pois      100%       1d8       1%          1
 Sublimation of Blood     Necr           49%        N/A       1%          2
 Vampiric Draining        Necr           49%        2d9       1%          3
 Dispel Undead            Necr           49%        3d18      3%          4
 Sandblast                Erth           24%        2d8       6%          1
 Passwall                 Tmut/Erth      14%        N/A       6%          2
 Ensorcelled Hibernation  Hex/Ice        24%        N/A       9%          2
 Searing Ray              Conj           24%        2d5       9%          2
 Agony                    Necr           49%        N/A       10%         5
 Anguish                  Hex/Necr       15%        N/A       14%         4
 Confusing Touch          Hex            12%        N/A       19%         3
 Dazzling Flash           Conj/Hex       24%        N/A       19%         3
 Stone Arrow              Conj/Erth      24%        3d8       19%         3
 Borgnjor's Vile Clutch   Necr/Erth      15%        N/A       36%         5
 Death Channel            Necr           24%        N/A       45%         6
 Yara's Violent Unravell  Hex/Tmut       8%         3d5       73%         5
 Lightning Bolt           Conj/Air       6%         1d18      86%         5
 Simulacrum               Ice/Necr       15%        N/A       91%         6
 Starburst                Conj/Fire      6%         6d4       100%        6
 Enfeeble                 Hex            6%         N/A       100%        7
 Chain Lightning          Conj/Air       6%         3d8       100%        9


Dungeon Overview and Level Annotations

Branches:
Dungeon (11/15)            Temple (1/1) D:4            Lair (0/6) D:9
    Orc (2/2) D:10            Elf (0/3) Orc:2       Ossuary (visited)
 Bailey (visited)

Altars:
Ashenzari
Cheibriados
Dithmenos
Elyvilon
Fedhas
Gozag
Hepliaklqana
Kikubaaqudgha
Makhleb
Nemelex Xobeh
Okawaru
Qazlal
Ru
Sif Muna
Trog
Uskayaw
Vehumet
Wu Jian
Xom
Yredelemnul
Zin
The Shining One

Shops:
D:10 =

Annotations:
D:11 Lodul


Innate Abilities, Weirdness & Mutations

You are partially covered in large bone plates. (SH +4)
A powerful demonic guardian rushes to your aid.
When hurt, damage is shared between your health and your magic reserves.
You regenerate magic rapidly.
You have a tail ending in a sharp stinger.


Message History

Unknown command.
Aiming: Iceblast
Press: ? - help, Shift-Dir - straight line The mass of ice explodes!
The iceblast engulfs the orc warrior!
The orc warrior is almost dead.
The iceblast engulfs the orc high priest!
The orc high priest is moderately wounded.
The warg bites you!
The orc warrior hits you but does no damage.
The orc high priest mumbles some strange prayers to Beogh against you.
Beogh smites you!
An orc comes into view. It is wielding a +0 falchion.
Your warg zombie misses the warg.
Unknown command.
Unknown command.
Unknown command.
You hit the warg.
Your tail-slap misses the warg.
The warg is lightly wounded.
You kill the orc warrior!
Kikubaaqudgha accepts your kill. You block the warg's attack.
The sixfirhy closely misses you. The warg barely misses you.
Your warg zombie bites the warg.
Unknown command.
Unknown command.
You hit the warg.
The warg is heavily wounded.
The sixfirhy hits you. The sixfirhy shocks you!
* * * LOW HITPOINT WARNING * * *
The sixfirhy hits you.
* * * LOW HITPOINT WARNING * * *
A demonic guardian appears!
The sixfirhy shocks you!
* * * LOW HITPOINT WARNING * * *
The sixfirhy hits you but does no damage.
You block the sixfirhy's attack.
An orc priest comes into view. It is wielding a +0 club.
The orc high priest starts to sing a prayer.
The orc high priest closely misses your hell beast.
The warg bites you!
You die...
Kikubaaqudgha rasps: "You have failed me!
Welcome... death!"

# #..######....#.###. #.
#..# #....### ##
###.###..# #...Z..####
.........# #...Z....##
o.).3o...##+###..Z..ZZ..#
.8.o)8o.)o.......Z.###.##
...).)o2o# +###..Z.#####
#h3# #.....## #Z@#
#Z.....## #ZZ# #ZZ.....#
#ZZ# #ZZZ#...#
######ZZ######.Z###.##
...........Z..Z.# ###
..........Z.....#
#################


You could see a soul eater (summoned), 2 orc high priests, a sixfirhy
(summoned), a warg (ally target), an orc priest, an orc wizard (very poisoned),
2 orcs, a friendly hell beast (summoned), a friendly warg zombie, 3 friendly orc
zombies, 2 friendly orc warrior zombies and a friendly ogre zombie.

Vanquished Creatures
  Fannar (D:11)
  3 two-headed ogres (D:10)
  An orc high priest (Orc:2)
  A kobold demonologist (D:9)
  An unseen horror (D:11)
  2 trolls
  Sigmund (D:2)
  A wraith (D:10)
  20 yaks
  A wyvern (D:7)
  2 vampire mosquitoes (D:8)
  5 wargs
  Edmund (D:6)
  3 black bears
  13 orc warriors
  A sky beast (D:6)
  5 ogres
  3 centaurs
  A phantom (D:6)
  Blork the orc (D:4)
  5 kobold brigands
  A bullfrog (D:7)
  2 necrophages
  3 gnoll sergeants
  2 scorpions
  9 wights
  11 killer bees
  A howler monkey (D:11)
  5 hounds
  19 orc priests
  3 gnoll shamans
  3 iguanas
  15 orc wizards
  8 mummies (Ossuary)
  26 gnolls
  12 adders
  2 white imps
  5 dart slugs
  3 worms
  50 orcs
  8 endoplasms
  3 giant cockroaches
  2 gnoll zombies (Ossuary)
  12 goblins
  8 hobgoblins
  3 jackals
  3 quokkas
  7 ball pythons
  6 bats
  3 frilled lizards
  A goblin zombie (D:7)
  2 hobgoblin zombies (Ossuary)
  23 kobolds
  3 kobold zombies (Ossuary)
  4 orc zombies
  A quokka zombie (D:7)
  6 rats
347 creatures vanquished.

Vanquished Creatures (collateral kills)
  A two-headed ogre (D:8)
  An ugly thing (D:11)
  An orc sorcerer (Orc:1)
  Grinder (D:5)
  2 wyverns
  3 wargs
  6 orc warriors
  A centaur (D:9)
  2 kobold brigands (Bailey)
  A bullfrog (D:6)
  A necrophage (D:8)
  3 wights (D:10)
  2 orc priests (Orc:2)
  2 orc wizards
  Robin (D:2)
  A worm (D:2)
  A dart slug (D:3)
  5 orcs
  4 goblins (D:2)
39 creatures vanquished.

Vanquished Creatures (others)
  A warg zombie (Orc:2)
  An ogre zombie (Orc:2)
  12 orc zombies
14 creatures vanquished.

Grand Total: 400 creatures vanquished

Notes
Turn   | Place    | Note
-------+----------+-------------------------------------------
     0 | D:1      | mandarbmax the Demonspawn Venom Mage began the quest for
                  | the Orb.
     0 | D:1      | Reached XP level 1. HP: 13/13 MP: 3/3
    48 | D:1      | Reached skill level 1 in Transmutations
   592 | D:1      | Gained mutation: A weak demonic guardian rushes to your
                  | aid. [demonic ancestry]
   592 | D:1      | Reached XP level 2. HP: 17/19 MP: 0/5
  1497 | D:2      | Gained mutation: A demonic guardian rushes to your aid.
                  | [demonic ancestry]
  1497 | D:2      | Reached XP level 3. HP: 24/24 MP: 2/6
  1528 | D:2      | Noticed Robin
  1998 | D:2      | Found a faded altar of an unknown god.
  2089 | D:2      | Killed Robin
  2090 | D:2      | Gained mutation: You are partially covered in large bone
                  | plates. (SH +4) [demonic ancestry]
  2090 | D:2      | Reached XP level 4. HP: 24/30 MP: 0/8
  2128 | D:2      | Noticed Sigmund
  2185 | D:2      | Killed Sigmund
  2186 | D:2      | Reached skill level 4 in Poison Magic
  2186 | D:2      | Gained mutation: You have a small tail. [demonic ancestry]
  2186 | D:2      | Reached XP level 5. HP: 21/38 MP: 0/11
  2474 | D:2      | Learned a level 3 spell: Spider Form
  2479 | D:2      | Learned a level 4 spell: Olgreb's Toxic Radiance
  2483 | D:2      | Learned a level 3 spell: Mephitic Cloud
  3031 | D:3      | Gained mutation: You have a tail ending in a sharp stinger.
                  | [demonic ancestry]
  3031 | D:3      | Reached XP level 6. HP: 44/44 MP: 8/12
  3315 | D:3      | Reached skill level 5 in Poison Magic
  3979 | D:4      | Noticed Blork the orc
  4044 | D:4      | Killed Blork the orc
  4045 | D:4      | Reached skill level 6 in Poison Magic
  4149 | D:4      | Gained mutation: A powerful demonic guardian rushes to your
                  | aid. [demonic ancestry]
  4149 | D:4      | Reached XP level 7. HP: 51/52 MP: 8/13
  4614 | D:4      | Reached skill level 1 in Evocations
  5183 | D:4      | Found a staircase to the Ecumenical Temple.
  5291 | Temple   | Entered the Ecumenical Temple
  5476 | D:5      | Entered Level 5 of the Dungeon
  5494 | D:5      | Reached XP level 8. HP: 42/60 MP: 6/15
  5969 | D:5      | Reached skill level 5 in Spellcasting
  6068 | D:5      | Noticed Grinder
  6089 | D:5      | Killed Grinder
  6090 | D:5      | Reached skill level 7 in Poison Magic
  6973 | D:6      | Noticed Edmund
  6984 | D:6      | Killed Edmund
  7047 | D:6      | Reached skill level 8 in Poison Magic
  7058 | D:6      | Found a glowing drain.
  7065 | D:6      | You fall into a shaft and drop 3 floors!
  7102 | D:9      | Gained mutation: You regenerate magic rapidly. [demonic
                  | ancestry]
  7102 | D:9      | Reached XP level 9. HP: 65/65 MP: 2/18
  7145 | D:9      | Found a staircase to the Lair.
  7175 | D:9      | Reached skill level 9 in Poison Magic
  7308 | D:9      | Noticed a kobold demonologist
  7323 | D:9      | Killed a kobold demonologist
  7406 | D:8      | Noticed a two-headed ogre
  7423 | D:8      | Killed a two-headed ogre
  7424 | D:8      | Reached skill level 10 in Poison Magic
  7424 | D:8      | Reached XP level 10. HP: 47/71 MP: 15/22
  7743 | D:7      | Found a flagged portal.
  7750 | Bailey   | Entered a bailey
  7754 | Bailey   | Learned a level 2 spell: Poisonous Vapours
  7784 | Bailey   | Reached skill level 5 in Evocations
  7811 | Bailey   | Reached skill level 5 in Fighting
  7816 | Bailey   | Reached skill level 5 in Dodging
  7818 | Bailey   | Got the Handbook of Attacks
  7827 | Bailey   | Found a burning altar of Makhleb.
  7876 | D:7      | Got the Catalogue of Damage Dealing
  7932 | D:7      | Found a sand-covered staircase.
  7958 | Ossuary  | Entered an ossuary
  8035 | Ossuary  | Reached skill level 1 in Shields
 10742 | D:10     | Entered Level 10 of the Dungeon
 10751 | D:10     | Noticed a two-headed ogre
 10764 | D:10     | Killed a two-headed ogre
 10765 | D:10     | Reached XP level 11. HP: 81/81 MP: 3/23
 10767 | D:10     | Identified a scroll of acquirement
 10768 | D:10     | Acquired the +3 warlock's mirror {reflect}
 10768 | D:10     | Found the +3 warlock's mirror {reflect}
 10838 | D:10     | Reached skill level 5 in Shields
 11027 | D:10     | Found a staircase to the Orcish Mines.
 11276 | D:10     | Noticed a two-headed ogre
 11282 | D:10     | Killed a two-headed ogre
 11348 | D:10     | Found Usynloc's Jewellery Shop.
 11405 | D:10     | Found a shimmering altar of Xom.
 11405 | D:10     | Found a basalt altar of Yredelemnul.
 11405 | D:10     | Found a shadowy altar of Dithmenos.
 11409 | D:10     | Found a blossoming altar of Fedhas.
 11410 | D:10     | Found a sparkling altar of Nemelex Xobeh.
 11414 | D:10     | Found an ancient bone altar of Kikubaaqudgha.
 11417 | D:10     | Found a broken altar of Ashenzari.
 11420 | D:10     | Found an iron altar of Okawaru.
 11422 | D:10     | Found a hazy altar of Hepliaklqana.
 11423 | D:10     | Became a worshipper of Kikubaaqudgha
 11425 | D:10     | Found a sacrificial altar of Ru.
 11454 | D:10     | Noticed a two-headed ogre
 11463 | D:10     | Killed a two-headed ogre
 11714 | D:11     | Noticed Fannar
 11729 | D:11     | Killed Fannar
 11780 | D:11     | Identified the ring "Fugiqeq" {rPois rCorr MP+9 Str-4
                  | Dex+5}
 11967 | D:11     | Noticed a white ugly thing
 11987 | D:11     | HP: 3/86 [white ugly thing (14)]
 11988 | D:11     | Killed a white ugly thing
 11989 | D:11     | Reached skill level 5 in Necromancy
 12127 | D:11     | Reached * piety under Kikubaaqudgha
 12127 | D:11     | Received a gift from Kikubaaqudgha
 12129 | D:11     | Noticed Lodul
 12267 | D:10     | Learned a level 4 spell: Animate Dead
 12287 | Orc:1    | Entered Level 1 of the Orcish Mines
 12521 | Orc:1    | Noticed an orc sorcerer
 12527 | Orc:1    | Killed an orc sorcerer
 12528 | Orc:1    | Gained mutation: When hurt, damage is shared between your
                  | health and your magic reserves. [demonic ancestry]
 12528 | Orc:1    | Reached XP level 12. HP: 43/91 MP: 17/24
 12825 | Orc:2    | Entered Level 2 of the Orcish Mines
 12831 | Orc:2    | Found a staircase to the Elven Halls.
 12846 | Orc:2    | Reached ** piety under Kikubaaqudgha
 13107 | Orc:2    | Noticed an orc high priest
 13119 | Orc:2    | Killed an orc high priest
 13124 | Orc:2    | Noticed an orc high priest
 13127 | Orc:2    | Reached *** piety under Kikubaaqudgha
 13127 | Orc:2    | Received a gift from Kikubaaqudgha
 13127 | Orc:2    | Noticed an orc high priest
 13131 | Orc:2    | Slain by a warg

Illustrated notes

Levels and vault maps discovered:
D:1:      nzn_arrival_depleted_hourglass, layout_basic, roderic_roman_lattice,
          chequers_garden
D:2:      layout_rooms, basic_ecumenical_altar, uniq_robin, uniq_sigmund
D:3:      layout_loops_cross, kennysheep_generic_room_5
D:4:      layout_basic, good_gods_temple_1, lemuel_temple_firewalk_b,
          uniq_blork_the_orc
D:5:      layout_loops_corners, eino_small_chamber_without_monster, uniq_grinder
D:6:      layout_loops_ring, portal_sewer_entry_c, uniq_edmund
D:7:      layout_layer_cave, enter_ossuary_4, enter_bailey_3
D:8:      layout_loops_ring, hangedman_abyss_or_decor_stagger
D:9:      layout_loops_ring, erik_lair_orcish_takeover
D:10:     layout_cave_pools, nicolae_overflow_hallway_of_the_gods, orc_0_dummy,
          serial_gnoll_camp, gnoll_camp_mini_sergeant, gnoll_camp_mini_shop,
          gnoll_camp_mini_basic, gnoll_camp_mini_basic
D:11:     layout_irregular_city, uniq_lodul, uniq_fannar
Temple:   nicolae_temple_figure_zero
Orc:1:    layout_caves
Orc:2:    st_orc_town, layout_caves

Skill      XL: |  1  2  3  4  5  6  7  8  9 10 11 12 |
---------------+-------------------------------------+-----
Transmutations | 1 2 |  2.0
Dodging        | 2 3 5 6 |  6.0
Spellcasting   | 4 6 8 9 |  9.0
Poison Magic   | 4 6 8 10 | 10.0
Fighting       | 2 3 4 6 8 |  8.3
Evocations     | 2 4 5 |  5.0
Stealth        | 3 |  3.0
Shields        | 4 6 |  6.3
Necromancy     | 7 |  7.0

Action                   |  1- 3 |  4- 6 |  7- 9 | 10-12 || total
-------------------------+-------+-------+-------+-------++-------
Melee: Unarmed           |     7 |    29 |    63 |    10 ||   109
       Spear             |    27 |    19 |       |       ||    46
       Tailslap          |       |     2 |    17 |    59 ||    78
       Punch             |       |     1 |     2 |     1 ||     4
       Short sword       |       |     8 |   116 |   388 ||   512
 Cast: Sting             |    72 |    32 |     8 |       ||   112
       Spider Form       |       |     6 |     9 |     1 ||    16
       Olgreb's Toxic Ra |       |    12 |    40 |    85 ||   137
       Mephitic Cloud    |       |       |     2 |    16 ||    18
       Poisonous Vapours |       |       |       |     5 ||     5
       Animate Dead      |       |       |       |     3 ||     3
Evoke: Wand              |       |       |     2 |     1 ||     3
  Use: Scroll            |       |     1 |    13 |    10 ||    24
       Potion            |       |       |     1 |     1 ||     2
 Stab: Sleeping          |       |     2 |     5 |     1 ||     8
       Confused          |       |       |     3 |     6 ||     9
Armor: Robe              |    19 |     7 |    33 |   104 ||   163
       Skin              |       |     5 |     5 |       ||    10
Dodge: Dodged            |    48 |    23 |   107 |   251 ||   429
Block: Other             |       |     3 |    17 |     4 ||    24
       Buckler           |       |       |       |   224 ||   224
       Reflection        |       |       |       |     5 ||     5

Table legend: (Time is in decaauts)
 A = Elapsed time spent in this place.
 B = Non-inter-level travel time spent in this place.
 C = Inter-level travel time spent in this place.
 D = Time resting spent in this place.
 E = Time spent auto-exploring this place.
 F = Levels seen in this place.
 G = Mean time per level.
                   A        B        C        D        E       F      G
               +--------+--------+--------+--------+--------+-----+--------+
         Total |  13190 |  12553 |    637 |    710 |   8668 |  16 |  824.4 |
       Dungeon |  11811 |  11191 |    620 |    627 |   7893 |  11 | 1073.7 |
        Temple |    144 |    144 |      0 |      0 |    113 |   1 |  144.0 |
  Orcish Mines |    851 |    835 |     16 |     72 |    534 |   2 |  425.5 |
       Ossuary |    255 |    255 |      0 |      0 |    125 |   1 |  255.0 |
        Bailey |    128 |    128 |      0 |     11 |      3 |   1 |  128.0 |
               +--------+--------+--------+--------+--------+-----+--------+

Top non-repeatable levels by time:
     D:1: 1916 daAuts
     D:4: 1523 daAuts
     D:5: 1472 daAuts
     D:3: 1216 daAuts
     D:7: 1194 daAuts
    D:10: 1007 daAuts
     D:8: 850 daAuts
     D:9: 773 daAuts
     D:2: 660 daAuts
     D:6: 644 daAuts
    D:11: 553 daAuts
   Orc:1: 541 daAuts
   Orc:2: 309 daAuts
 Ossuary: 255 daAuts
  Temple: 144 daAuts
